 Dungeon Sprint DCSS version 0.16-a0-3187-geb38783 (webtiles) character file.

14975 BluebellGnoll the Spry (level 11, 47/47 HPs)
             Began as a Spriggan Enchanter on Dec 17, 2014.
             Was the Champion of Vehumet.
             Quit the game in the Dungeon (Sprint IX: "|||||||||||||||||||||||||||||").
             The game lasted 00:27:46 (3634 turns).

BluebellGnoll the Spry (Spriggan Enchanter)         Turns: 3634, Time: 00:27:46

Health: 47/47      AC:  7    Str:  4    XL:     11   Next: 95%
Magic:  37/37      EV: 37    Int: 20    God:    Vehumet [******]
Gold:   999        SH:  0    Dex: 17    Spells: 13 memorised, 3 levels left

rFire  . . .     SeeInvis +     o - +2 rapier (drain)
rCold  + . .     Clarity  .     E - +1 robe {rC+}
rNeg   . . .     SustAb   .     (shield restricted)
rPois  .         Gourm    .     D - +2 hat {SInv}
rElec  .         Spirit   .     (no cloak)
rCorr  .         Warding  .     (gloves unavailable)
rMut   .         NoTele   +     (boots unavailable)
MR     +....                    (no amulet)
Stlth  +++++++++.               r - +2 ring of evasion
                                q - +2 ring of protection

@: very quick, somewhat resistant to hostile enchantments, incredibly stealthy
A: unfitting armour, see invisible, herbivore 3, speed 3, slow metabolism 2
a: Renounce Religion


You were in the Dungeon.
You worshipped Vehumet.
Vehumet was exalted by your worship.
You were full.

You visited 1 branch You collected 1906 gold pieces.
You spent 907 gold pieces at shops.

Inventory:

Hand weapons
 a - the +2 halberd "Psecroaf" {speed, rElec}
   (You found it in the Dungeon)

   Attacks with this weapon are significantly faster.
   It insulates you from electricity.
 o - a +2 rapier of draining (weapon)
 p - the +3 war axe of Indomitability {chop, Noisy rElec rPois Int+2 Stlth++}
   (You found it in the Dungeon)

   It inflicts extra damage upon your enemies.
   It affects your intelligence (+2).
   It insulates you from electricity.
   It protects you from poison.
   It may make noises in combat.
   It makes you much more stealthy.
 s - a +2 morningstar of crushing
 t - a +4 quarterstaff of speed
 u - a +2 scimitar of holy wrath
 G - the +11 hunting sling of Afesigurgh {freeze, +Blink rF+ Int+2, unknown}
   (You bought it in a shop in the Dungeon)

   It turns projectiles fired from it into bolts of frost.
   It affects your intelligence (+2).
   It protects you from fire.
   It lets you blink.
 I - a +4 quick blade
Missiles
 H - 20 sling bullets of frost
Armour
 b - a +1 robe
 D - a +2 hat of see invisible (worn)
 E - a +1 robe of cold resistance (worn)
Magical staves
 n - an uncursed staff of energy
Jewellery
 q - a +2 ring of protection (left hand)
 r - a +2 ring of evasion (right hand)
 J - an uncursed ring of positive energy
 K - an uncursed ring of protection from cold
Magical devices
 m - a wand of draining (7)
Scrolls
 j - 5 scrolls of blinking
 k - 5 scrolls of remove curse
 l - 2 scrolls of amnesia
 y - 6 scrolls of fog
 z - a scroll of fear
 B - a scroll of summoning
 F - a scroll of immolation
 L - 2 scrolls of enchant armour
Potions
 e - 11 potions of curing
 f - 5 potions of heal wounds
 g - a potion of invisibility
 h - 4 potions of magic
 i - 2 potions of berserk rage
 v - a potion of brilliance
 w - 2 potions of cure mutation
 A - 2 potions of might
Books
 c - a book of Maledictions

   Spells                             Type                      Level
   a - Corona                         Hexes                        1
   b - Sure Blade                     Hexes/Charms                 2
   c - Ensorcelled Hibernation        Hexes/Ice                    2
   d - Confuse                        Hexes                        3
   e - Dazzling Spray                 Conjuration/Hexes            3
   f - Enslavement                    Hexes                        4
 C - the Incunabulum of the Mutagenic Rocks
   (You found it in the Dungeon)

   Spells                             Type                      Level
   a - Sandblast                      Earth                        1
   b - Stoneskin                      Transmutation/Earth          2
   c - Stone Arrow                    Conjuration/Earth            3
   d - Petrify                        Transmutation/Earth          4
   e - Statue Form                    Transmutation/Earth          6
Comestibles
 d - 13 bread rations
 x - 31 fruits


   Skills:
 - Level 7.9 Short Blades
 - Level 20.7 Dodging
 - Level 19.5 Stealth
 + Level 17.8 Spellcasting
 - Level 5.8 Conjurations
 - Level 9.9 Hexes
 - Level 9.3 Charms
 - Level 7.9 Poison Magic


You had 3 spell levels left.
You knew the following spells:

 Your Spells              Type           Power        Failure   Level  Hunger
a - Magic Dart            Conj           ####         1%          1    None
b - Ensorcelled Hibernat  Hex/Ice        #####.       1%          2    None
c - Confuse               Hex            ######..     1%          3    None
d - Sure Blade            Hex/Chrm       ######....   1%          2    None
e - Dazzling Spray        Conj/Hex       #####...     1%          3    None
f - Enslavement           Hex            ######..     1%          4    None
g - Venom Bolt            Conj/Pois      #####.....   2%          5    ##.....
h - Stoneskin             Trmt/Erth      ###.....     6%          2    None
i - Iskenderun's Battles  Conj/Chrm      #####...     1%          5    ##.....
j - Stone Arrow           Conj/Erth      ####..       1%          3    None
k - Freezing Cloud        Conj/Ice/Air   ####......   78%         6    ####...
l - Bolt of Magma         Conj/Fire/Erth ####......   13%         5    ##.....
w - Corona                Hex            ######.      1%          1    None


Dungeon Overview and Level Annotations

Branches:
Dungeon (1/1)

Altars:
Cheibriados
Dithmenos
Elyvilon
Fedhas
Gozag
Kikubaaqudgha
Makhleb
Nemelex Xobeh
Okawaru
Qazlal
Ru
Sif Muna
Trog
Vehumet
Xom
Yredelemnul
Zin
The Shining One
Beogh
Jiyva
Lugonu

Shops:
D [*((


Innate Abilities, Weirdness & Mutations

You are tiny and cannot use many weapons and most armour.
You have supernaturally acute eyesight.
You are a herbivore.
You cover ground extremely quickly.
You need consume almost no food.


Message History

You see here a +3 scale mail of fire resistance.
Found 2 potions of heal wounds.
You see here a +3 scale mail.
You see here a +1 pair of boots.
Found a scroll of fog.
You see here a +0 mottled dragon armour.
Found 3 scrolls of fog.
You see here a +1 large shield.
Found 2 scrolls of enchant armour.
Found a scroll of blinking.
w - 2 potions of cure mutation (gained 1)
e - 11 potions of curing (gained 1)
Your battlesphere wavers and loses cohesion.
i - 2 potions of berserk rage (gained 1)
f - 5 potions of heal wounds (gained 2)
y - 3 scrolls of fog (gained 1)
y - 6 scrolls of fog (gained 3)
L - 2 scrolls of enchant armour
j - 5 scrolls of blinking (gained 1) Are you sure you want to abandon this character and quit the game? (Confirm with "yes".)

▓▓▓▓▓▓▓▓▓▓▓▓▓▓▓▓▓▓▓
[[[[[[[[........@.+
▓▓▓▓▓▓▓▓▓▓▓▓▓▓▓▓▓▓▓▓▓▓▓▓▓▓▓▓▓▓▓▓▓
.................................
▓▓▓▓▓▓▓▓▓▓▓▓▓▓▓▓▓▓▓▓▓▓▓▓▓▓▓▓▓▓▓▓▓
.)[').)........[))....∩.∩.∩.∩[)..
▓▓▓▓▓▓▓▓▓▓▓▓▓▓▓▓▓▓▓▓▓▓▓▓▓▓▓▓▓▓▓▓▓
.................................
▓▓▓▓▓▓▓▓▓▓▓▓▓▓▓▓▓▓▓▓▓▓▓▓▓▓▓▓▓▓▓▓▓
.......'.........'........[...'%.


There were no monsters in sight!

Vanquished Creatures
  Gastronok (D)
  2 dire elephants (D)
  A hydra (D)
  3 ogre magi (D)
  2 orc high priests (D)
  An orc sorcerer (D)
  3 orc knights (D)
  A spiny frog (D)
  6 elephants (D)
  A black mamba (D)
  2 komodo dragons (D)
  2 two-headed ogres (D)
  A red devil (D)
  A basilisk (D)
  Eustachio (D)
  2 hippogriffs (D)
  2 water moccasins (D)
  3 porcupines (D)
  A phantom (D)
  8 orc warriors (D)
  8 ogres (D)
  4 giant frogs (D)
  A scorpion (D)
  A wight (D)
  2 jellies (D)
  A crimson imp (D)
  3 orc priests (D)
  4 orc wizards (D)
  An iron imp (D)
  2 adders (D)
  6 ufetubi (D)
  7 orcs (D)
  A bat skeleton (D)
  2 bat zombies (D)
  2 hobgoblins (D)
  A giant newt (D)
  A goblin (D)
  A jackal zombie (D)
  5 rats (D)
97 creatures vanquished.

Notes
Turn   | Place    | Note
--------------------------------------------------------------
     0 | D        | BluebellGnoll, the Spriggan Enchanter, began the quest for the Orb.
     0 | D        | Reached XP level 1. HP: 9/9 MP: 4/4
     8 | D        | Reached skill level 5 in Stealth
    16 | D        | Reached skill level 6 in Stealth
   115 | D        | Noticed a scorpion
   115 | D        | Noticed a jelly
   119 | D        | Killed a scorpion
   119 | D        | Reached skill level 11 in Stealth
   119 | D        | Reached XP level 2. HP: 13/13 MP: 7/7
   119 | D        | Reached XP level 3. HP: 16/16 MP: 9/9
   121 | D        | Reached skill level 12 in Stealth
   132 | D        | Learned a level 2 spell: Ensorcelled Hibernation
   136 | D        | Learned a level 3 spell: Confuse
   159 | D        | Killed a jelly
   159 | D        | Reached skill level 14 in Stealth
   159 | D        | Reached XP level 4. HP: 21/21 MP: 4/12
   166 | D        | Killed a jelly
   166 | D        | Reached skill level 15 in Stealth
   166 | D        | Reached XP level 5. HP: 24/24 MP: 1/14
   176 | D        | Found a glowing silver altar of Zin.
   176 | D        | Found a glowing golden altar of the Shining One.
   176 | D        | Found an ancient bone altar of Kikubaaqudgha.
   176 | D        | Found a basalt altar of Yredelemnul.
   176 | D        | Found a shimmering altar of Xom.
   176 | D        | Found a radiant altar of Vehumet.
   176 | D        | Found an iron altar of Okawaru.
   177 | D        | Found a burning altar of Makhleb.
   178 | D        | Found a deep blue altar of Sif Muna.
   179 | D        | Found a bloodstained altar of Trog.
   180 | D        | Found a sparkling altar of Nemelex Xobeh.
   181 | D        | Found a white marble altar of Elyvilon.
   182 | D        | Found a roughly hewn altar of Beogh.
   183 | D        | Found a viscous altar of Jiyva.
   184 | D        | Found a corrupted altar of Lugonu.
   185 | D        | Found a blossoming altar of Fedhas.
   186 | D        | Found a snail-covered altar of Cheibriados.
   187 | D        | Found a shadowy altar of Dithmenos.
   192 | D        | Became a worshipper of Vehumet
   197 | D        | Found a stormy altar of Qazlal.
   198 | D        | Found an opulent altar of Gozag.
   199 | D        | Found a sacrificial altar of Ru.
   218 | D        | Got the +3 war axe of Indomitability {chop, Noisy rElec rPois Int+2 Stlth++}
   233 | D        | Learned a level 2 spell: Sure Blade
   279 | D        | Noticed a phantom
   279 | D        | Noticed a crimson imp
   295 | D        | Killed a phantom
   295 | D        | Acquired Vehumet's first power
   295 | D        | Offered knowledge of Magic Dart by Vehumet.
   295 | D        | Reached skill level 5 in Spellcasting
   311 | D        | Got the +2 halberd "Psecroaf" {speed, rElec}
   319 | D        | Killed a crimson imp
   319 | D        | Reached XP level 6. HP: 16/28 MP: 1/22
   350 | D        | Learned a level 3 spell: Dazzling Spray
   355 | D        | Learned a level 4 spell: Enslavement
   357 | D        | Learned a level 1 spell: Magic Dart
   460 | D        | Noticed an orc warrior
   460 | D        | Noticed an orc warrior
   460 | D        | Noticed a wight
   462 | D        | Offered knowledge of Sandblast by Vehumet.
   467 | D        | Killed an orc warrior
   469 | D        | Killed an orc warrior
   469 | D        | Acquired Vehumet's second power
   473 | D        | Killed a wight
   575 | D        | Identified the Incunabulum of the Mutagenic Rocks (You found it in the Dungeon)
   593 | D        | Learned a level 3 spell: Stone Arrow
   594 | D        | Noticed a water moccasin
   594 | D        | Noticed a giant frog
   594 | D        | Noticed a basilisk
   594 | D        | Noticed a porcupine
   594 | D        | Noticed a hippogriff
   594 | D        | Noticed a porcupine
   594 | D        | Noticed a giant frog
   598 | D        | Killed a water moccasin
   598 | D        | Reached skill level 5 in Dodging
   598 | D        | Reached skill level 10 in Spellcasting
   598 | D        | Reached XP level 7. HP: 27/32 MP: 23/28
   604 | D        | Killed a giant frog
   604 | D        | Acquired Vehumet's third power
   606 | D        | Killed a porcupine
   610 | D        | Killed a basilisk
   616 | D        | Killed a hippogriff
   624 | D        | Killed a porcupine
   624 | D        | Reached XP level 8. HP: 31/36 MP: 10/31
   629 | D        | Noticed a giant frog
   635 | D        | Killed a giant frog
   635 | D        | Offered knowledge of Static Discharge by Vehumet.
   640 | D        | Killed a giant frog
   644 | D        | Learned a level 2 spell: Stoneskin
   717 | D        | Noticed a porcupine
   717 | D        | Noticed a four-headed hydra
   717 | D        | Noticed a komodo dragon
   717 | D        | Noticed a water moccasin
   717 | D        | Noticed a hippogriff
   717 | D        | Noticed a komodo dragon
   717 | D        | Noticed a spiny frog
   718 | D        | Noticed a giant frog
   719 | D        | Killed a porcupine
   721 | D        | Noticed a black mamba
   738 | D        | Killed a four-headed hydra
   738 | D        | Reached skill level 5 in Short Blades
   738 | D        | Reached skill level 17 in Stealth
   738 | D        | Reached XP level 9. HP: 36/39 MP: 26/32
   742 | D        | Killed a komodo dragon
   751 | D        | Killed a water moccasin
   751 | D        | Reached skill level 18 in Stealth
   758 | D        | Killed a hippogriff
   764 | D        | Killed a komodo dragon
   769 | D        | Killed a giant frog
   788 | D        | Killed a spiny frog
   788 | D        | Reached skill level 19 in Stealth
  1072 | D        | Killed a black mamba
  1072 | D        | Offered knowledge of Airstrike by Vehumet.
  1128 | D        | Noticed an elephant
  1128 | D        | Noticed an elephant
  1128 | D        | Noticed an elephant
  1128 | D        | Noticed a dire elephant
  1128 | D        | Noticed an elephant
  1128 | D        | Noticed an elephant
  1128 | D        | Noticed a dire elephant
  1129 | D        | Noticed an elephant
  1130 | D        | Killed an elephant
  1144 | D        | Killed an elephant
  1144 | D        | Reached skill level 15 in Dodging
  1144 | D        | Reached XP level 10. HP: 24/44 MP: 29/33
  1319 | D        | Killed an elephant
  1319 | D        | Offered knowledge of Iskenderun's Battlesphere by Vehumet.
  1324 | D        | Killed an elephant
  1331 | D        | Learned a level 5 spell: Iskenderun's Battlesphere
  1411 | D        | Killed a dire elephant
  1411 | D        | Offered knowledge of Venom Bolt by Vehumet.
  1635 | D        | Killed a dire elephant
  1682 | D        | Killed an elephant
  1914 | D        | Learned a level 5 spell: Venom Bolt
  1996 | D        | Killed an elephant
  1996 | D        | Reached skill level 1 in Conjurations
  2059 | D        | Noticed Gastronok
  2077 | D        | Killed Gastronok
  2077 | D        | Reached skill level 5 in Poison Magic
  2077 | D        | Reached XP level 11. HP: 17/47 MP: 24/34
  2467 | D        | Noticed an orc wizard
  2467 | D        | Noticed an orc priest
  2467 | D        | Noticed an orc knight
  2467 | D        | Noticed an orc wizard
  2469 | D        | Killed an orc wizard
  2470 | D        | Noticed an orc priest
  2475 | D        | Killed an orc priest
  2482 | D        | Killed an orc knight
  2484 | D        | Noticed an orc wizard
  2485 | D        | Killed an orc wizard
  2485 | D        | Offered knowledge of Spellforged Servitor by Vehumet.
  2486 | D        | Noticed an orc wizard
  2487 | D        | Killed an orc priest
  2491 | D        | Noticed an orc high priest
  2507 | D        | Killed an orc wizard
  2511 | D        | Killed an orc wizard
  2575 | D        | Noticed an orc priest
  2579 | D        | Killed an orc priest
  2580 | D        | Noticed an ice devil
  2607 | D        | Noticed a soul eater
  2855 | D        | Killed an orc high priest
  2855 | D        | Reached skill level 5 in Conjurations
  3045 | D        | Noticed an orc warrior
  3045 | D        | Noticed an orc warrior
  3045 | D        | Noticed an orc sorcerer
  3045 | D        | Noticed an orc warrior
  3045 | D        | Noticed an orc warrior
  3046 | D        | Noticed an orc knight
  3050 | D        | Noticed an orc warrior
  3050 | D        | Killed an orc sorcerer
  3053 | D        | Killed an orc warrior
  3056 | D        | Killed an orc warrior
  3058 | D        | Noticed an orc high priest
  3059 | D        | Killed an orc warrior
  3059 | D        | Offered knowledge of Freezing Cloud by Vehumet.
  3060 | D        | Noticed an orc warrior
  3096 | D        | Killed an orc knight
  3099 | D        | Killed an orc warrior
  3102 | D        | Killed an orc warrior
  3129 | D        | Killed an orc high priest
  3129 | D        | Reached skill level 15 in Spellcasting
  3166 | D        | Noticed an orc knight
  3244 | D        | Killed an orc knight
  3266 | D        | Killed an orc warrior
  3327 | D        | Learned a level 6 spell: Freezing Cloud
  3329 | D        | Found Gerchiep's Armour Emporium.
  3329 | D        | Noticed an ogre
  3329 | D        | Noticed an ogre
  3329 | D        | Noticed an ogre
  3329 | D        | Noticed an ogre mage
  3329 | D        | Noticed an ogre
  3329 | D        | Noticed an ogre mage
  3330 | D        | Found Sirasin Itsa's General Store.
  3331 | D        | Killed an ogre
  3336 | D        | Killed an ogre
  3341 | D        | Killed an ogre
  3342 | D        | Noticed an ogre
  3344 | D        | Killed an ogre mage
  3344 | D        | Reached skill level 20 in Dodging
  3344 | D        | Killed an ogre
  3344 | D        | Offered knowledge of Bolt of Magma by Vehumet.
  3346 | D        | Killed an ogre mage
  3350 | D        | Killed an ogre
  3353 | D        | Found Falos' Antique Weapon Emporium.
  3355 | D        | Noticed an ogre
  3356 | D        | Found Wuarutza's Weapon Shoppe.
  3357 | D        | Noticed an ogre
  3358 | D        | Noticed a two-headed ogre
  3359 | D        | Noticed a two-headed ogre
  3360 | D        | Noticed an ogre mage
  3361 | D        | Noticed an ogre
  3368 | D        | Killed a two-headed ogre
  3370 | D        | Killed an ogre
  3374 | D        | Killed an ogre
  3374 | D        | Killed an ogre mage
  3374 | D        | Killed a two-headed ogre
  3378 | D        | Killed an ogre
  3422 | D        | Bought a potion of curing for 33 gold pieces
  3422 | D        | Bought a potion of might for 44 gold pieces
  3422 | D        | Bought a scroll of remove curse for 33 gold pieces
  3422 | D        | Bought a scroll of immolation for 38 gold pieces
  3424 | D        | Bought a twisted hunting sling for 149 gold pieces
  3426 | D        | Bought 20 sling bullets of frost for 240 gold pieces
  3426 | D        | Bought a +4 quick blade for 370 gold pieces
  3487 | D        | Learned a level 5 spell: Bolt of Magma
  3542 | D        | Noticed Eustachio
  3549 | D        | Killed Eustachio
  3634 | D        | Quit the game

Action                   |  1- 3 |  4- 6 |  7- 9 | 10-12 || total
-------------------------+-------+-------+-------+-------++-------
Melee: Dagger            |    21 |     1 |       |       ||    22
       Rapier            |       |    31 |    36 |    88 ||   155
 Cast: Ensorcelled Hiber |     3 |     3 |    24 |    34 ||    64
       Confuse           |       |     8 |     2 |    14 ||    24
       Corona            |       |     2 |       |       ||     2
       Sure Blade        |       |     1 |     1 |     3 ||     5
       Dazzling Spray    |       |       |     6 |    34 ||    40
       Stone Arrow       |       |       |     2 |     8 ||    10
       Magic Dart        |       |       |     1 |     1 ||     2
       Iskenderun's Batt |       |       |       |     5 ||     5
       Enslavement       |       |       |       |     2 ||     2
       Venom Bolt        |       |       |       |    18 ||    18
       Stoneskin         |       |       |       |     4 ||     4
  Use: Potion            |     1 |       |       |       ||     1
 Stab: Sleeping          |     4 |     6 |    14 |    22 ||    46
       Confused          |       |     5 |     3 |     5 ||    13
       Invisible         |       |       |     1 |     5 ||     6
  Eat: Fruit             |       |       |       |     9 ||     9
